 Dungeon Crawl Stone Soup version 0.28.0-53-g5a82cb258f (webtiles) character file.

Game seed: 10518235483088663823

2081 Peloso the Carver (level 9, -8/78 HPs)
             Began as a Minotaur Fighter on Aug 19, 2022.
             Was a Priest of Okawaru.
             Mangled by a two-headed ogre
             ... wielding a +0 giant spiked club
              (13 damage)
             ... on level 6 of the Dungeon.
             The game lasted 00:08:46 (6047 turns).

Peloso the Carver (Minotaur Fighter)                Turns: 6047, Time: 00:08:46

Health: -8/78      AC: 10    Str: 24    XL:     9   Next: 6%
Magic:  8/8        EV: 10    Int:  5    God:    Okawaru [***...]
Gold:   229        SH:  5    Dex: 11    Spells: 8/8 levels left

rFire   . . .      SeeInvis .   a - +1 demon blade "Veerghui" {vamp, rCorr}
rCold   . . .      Faith    .   c - +0 buckler
rNeg    . . .      Spirit   .   e - +0 scale mail
rPois   .          Reflect  .   (helmet restricted)
rElec   .          Harm     .   k - +0 cloak
rCorr   +          Rampage  .   o - +0 pair of gloves
Will    .....                   (no boots)
Stlth   ..........              (no amulet)
HPRegen 0.23/turn               (no ring)
MPRegen 0.11/turn               (no ring)

@: no status effects
A: horns 2, retaliatory headbutt
a: Renounce Religion, Heroism


You were on level 6 of the Dungeon.
You worshipped Okawaru.
Okawaru was most pleased with you.
You visited 2 branches of the dungeon, and saw 7 of its levels.

You collected 309 gold pieces.
You spent 80 gold pieces at shops.

Inventory:

Hand Weapons
 a - the +1 demon blade "Veerghui" (weapon) {vamp, rCorr}
   (You acquired it on level 3 of the Dungeon)

   It occasionally heals its wielder for a portion of the damage dealt when it
   wounds a living foe.
   rCorr:     It protects you from acid and corrosion.
 b - a +0 long sword
Armour
 c - a +0 buckler (worn)
 e - a +0 scale mail (worn)
 k - a +0 cloak (worn)
 o - a +0 pair of gloves (worn)
Wands
 m - a wand of digging (4)
 n - a wand of polymorph (9)
 v - a wand of mindburst (17)
Scrolls
 g - a scroll of fog {unknown}
 i - a scroll of acquirement
 p - 2 scrolls of blinking
 q - 2 scrolls of teleportation {unknown}
 r - a scroll of torment {unknown}
 s - a scroll of amnesia {unknown}
 t - a scroll of immolation {unknown}
 u - a scroll of enchant weapon {unknown}
 x - 2 scrolls of enchant armour {unknown}
 y - a scroll of identify
Potions
 d - 2 potions of might
 f - 3 potions of heal wounds
 h - a potion of degeneration {unknown}
 j - 4 potions of curing {unknown}
 l - 2 potions of invisibility {unknown}
 w - a potion of lignification {unknown}
 z - 2 potions of brilliance {unknown}


   Skills:
 + Level 6.4 Fighting
 + Level 10.1 Long Blades
 + Level 7.5 Armour
 + Level 3.2 Dodging
 + Level 1.3 Stealth
 + Level 5.2 Shields
 + Level 0.3 Invocations


You had 8 spell levels left.
You didn't know any spells.
Your spell library contained the following spells:

 Spells                   Type           Power      Damage    Failure   Level
 Foxfire                  Conj/Fire      0%         2x1d4     83%         1
 Static Discharge         Conj/Air       0%         N/A       92%         2
 Confusing Touch          Hex            0%         N/A       99%         3
 Conjure Flame            Conj/Fire      0%         6-21      99%         3
 Inner Flame              Hex/Fire       0%         N/A       99%         3
 Flame Wave               Conj/Fire      0%         2d4       100%        4
 Lightning Bolt           Conj/Air       0%         1d11      100%        5
 Yara's Violent Unravell  Hex/Tmut       0%         3d3       100%        5
 Enfeeble                 Hex            0%         N/A       100%        7
 Maxwell's Capacitive Co  Air            0%         ∞         100%        8


Dungeon Overview and Level Annotations

Branches:
Dungeon (6/15)             Temple (1/1) D:4

Altars:
Cheibriados
Gozag
Makhleb
Okawaru
Sif Muna
Yredelemnul
Zin

Shops:
D:5 :   D:6 ***


Innate Abilities, Weirdness & Mutations

You have a pair of horns on your head.
You reflexively headbutt those who attack you in melee.


Message History

a +0 giant spiked club; an adder corpse An orc comes into view.
It is wielding a +4 whip.
The orc shouts!
An orc is nearby!
An orc is nearby!
You hit the orc.
The orc is heavily wounded.
You slash the orc!
You kill the orc!
Things that are here:
a +4 whip; a +0 leather armour; an orc corpse
Found a club.
x - 2 scrolls labelled ETEONY AXKALAY (gained 1)
You now have 214 gold pieces (gained 8).
Found a robe.
z - 2 murky golden potions
Found a runed dagger, a scroll of noise and a short sword.
You see here a +0 dagger of holy wrath.
You see here a +0 dagger of holy wrath.
y - a scroll of identify You now have 229 gold pieces (gained 15).
A two-headed ogre and a centaur come into view.
The two-headed ogre shouts in stereo!
The centaur shouts!
There are monsters nearby!
You slash the two-headed ogre!
The two-headed ogre is lightly wounded.
The two-headed ogre hits you with a +0 giant spiked club!!
The two-headed ogre hits you with a +0 giant club!
You hit the two-headed ogre.
You feel better.
The two-headed ogre is moderately wounded.
You barely miss the two-headed ogre.
The two-headed ogre is moderately wounded.
You block the two-headed ogre's attack.
The two-headed ogre hits you with a +0 giant club!
You hit the two-headed ogre but do no damage.
The two-headed ogre is moderately wounded.
The two-headed ogre hits you with a +0 giant spiked club!!
* * * LOW HITPOINT WARNING * * *
The two-headed ogre hits you with a +0 giant club!
You die...

#... #..#
###..#
#..... ###
#.#... ..#
#.#.##
#.#######
#.#...
#.Oc.....
#.#### #@#
#.#### #.#
#.####.....
#.#
#.[.....###
#.#
####.......
#.#######.#
#.##.##.
#.........#
###.##.##.
#####.#####
#...?...).
#..#
.....##.##)
#.##
.###.##.##.


You could see a two-headed ogre and a centaur.

Vanquished Creatures
  A two-headed ogre (D:5)
  Grinder (D:4)
  Menkaure (D:4)
  Edmund (D:4)
  A black bear (D:4)
  An ice beast (D:6)
  A necrophage (D:4)
  2 ogres
  A centaur (D:5)
  A gnoll sergeant (D:6)
  A scorpion (D:4)
  A centaur zombie (D:5)
  2 hounds
  An iguana (D:4)
  An orc wizard (D:5)
  A hound skeleton (D:4)
  A howler monkey skeleton (D:6)
  12 gnolls
  7 adders
  A shadow imp (D:5)
  2 worms
  4 dart slugs
  9 orcs
  3 bats
  7 endoplasms
  3 giant cockroaches
  2 goblins (D:2)
  11 hobgoblins
  8 jackals
  5 kobolds
  6 quokkas
  8 ball pythons
  3 frilled lizards
  4 rats
114 creatures vanquished.

Notes
Turn   | Place    | Note
-------+----------+-------------------------------------------
     0 | D:1      | Peloso the Minotaur Fighter began the quest for the Orb.
     0 | D:1      | Reached XP level 1. HP: 19/19 MP: 0/0
   262 | D:1      | Reached XP level 2. HP: 26/27 MP: 1/1
   543 | D:1      | Reached XP level 3. HP: 32/33 MP: 2/2
   915 | D:2      | Reached skill level 3 in Long Blades
  1306 | D:2      | Reached XP level 4. HP: 40/40 MP: 3/3
  1829 | D:3      | Found a faded altar of an unknown god.
  1851 | D:3      | Reached skill level 1 in Dodging
  2814 | D:3      | Found a shimmering blue altar of Sif Muna.
  3110 | D:3      | Reached XP level 5. HP: 45/47 MP: 4/4
  3741 | D:3      | Identified a scroll of acquirement
  3741 | D:3      | Acquired the +1 demon blade "Veerghui" {vamp, rCorr}
  3890 | D:4      | Reached skill level 4 in Long Blades
  3890 | D:4      | Reached skill level 5 in Armour
  3918 | D:4      | Found a staircase to the Ecumenical Temple.
  3933 | D:4      | Noticed Menkaure
  3935 | Temple   | Entered the Ecumenical Temple
  3979 | Temple   | Became a worshipper of Warmaster Okawaru
  4011 | D:4      | Noticed a black bear
  4017 | D:4      | Killed Menkaure
  4018 | D:4      | Reached XP level 6. HP: 26/53 MP: 5/5
  4165 | D:4      | Reached * piety under Okawaru
  4166 | D:4      | Reached skill level 5 in Long Blades
  4259 | D:4      | Noticed Edmund
  4259 | D:4      | Noticed Grinder
  4271 | D:4      | Killed Edmund
  4272 | D:4      | Reached skill level 5 in Fighting
  4272 | D:4      | Reached XP level 7. HP: 52/61 MP: 3/6
  4282 | D:4      | Killed Grinder
  4283 | D:4      | Reached skill level 6 in Long Blades
  4668 | D:4      | Reached skill level 1 in Stealth
  4811 | D:5      | Entered Level 5 of the Dungeon
  4902 | D:5      | Found Kottu Sicou's Book Emporium.
  4922 | D:5      | Reached ** piety under Okawaru
  4923 | D:5      | Reached skill level 7 in Long Blades
  4926 | D:5      | Reached XP level 8. HP: 57/69 MP: 7/7
  5130 | D:5      | Noticed a two-headed ogre
  5137 | D:5      | Killed a two-headed ogre
  5137 | D:5      | Reached *** piety under Okawaru
  5138 | D:5      | Reached skill level 9 in Long Blades
  5138 | D:5      | Reached skill level 5 in Shields
  5499 | D:5      | Found a burning altar of Makhleb.
  5505 | D:5      | Found a glowing silver altar of Zin.
  5505 | D:5      | Noticed an Executioner
  5505 | D:5      | Noticed an angel
  5679 | D:6      | Found Xasten's General Store.
  5680 | D:6      | Found Coustem's Specific Store.
  5703 | D:6      | Bought a scroll of identify for 22 gold pieces
  5703 | D:6      | Bought a scroll of identify for 22 gold pieces
  5827 | D:6      | Found Baetoc's Assorted Antiques.
  5837 | D:6      | Bought a viscous pink potion for 17 gold pieces
  5837 | D:6      | Bought a scroll labelled ETEONY AXKALAY for 19 gold pieces
  5875 | D:6      | Reached skill level 10 in Long Blades
  5875 | D:6      | Reached XP level 9. HP: 57/77 MP: 8/8
  6043 | D:6      | Noticed a two-headed ogre
  6047 | D:6      | Mangled by a two-headed ogre

Illustrated notes

Levels and vault maps discovered:
D:1:      dpeg_arrival_three_same_balls, layout_rooms
D:2:      layout_loops_corners, serial_glass, glass_columns_b, glass_columns_a,
          feat_on_display, grunt_ministairs_3, minmay_pentomino_t2
D:3:      layout_basic, led_sif_book, shapermc_ecumenical_altar_pompeii,
          chequers_serial_rivers_small_3, minmay_misc_feat_square,
          dk_noncrumbling_2
D:4:      layout_loops_ring, minmay_temple_entry_sparse_star,
          chequers_serial_rivers_room_a, uniq_grinder, uniq_edmund,
          uniq_menkaure
D:5:      layout_loops_ring, grunt_temple_overflow_order_and_chaos_2,
          kennysheep_windowed_goal
D:6:      layout_loops_cross, serial_shops, nicolae_shop_trees,
          nicolae_specific_store
Temple:   dpeg_five_rooms_temple

Skill      XL: |  1  2  3  4  5  6  7  8 |
---------------+-------------------------+-----
Shields        | 4 5 |  5.2
Fighting       | 4 5 6 |  6.4
Armour         | 4 5 6 7 |  7.5
Long Blades    | 3 4 5 7 10 | 10.1
Dodging        | 1 2 3 |  3.2
Stealth        | 1 |  1.3
Invocations    | |  0.3

Action                   |  1- 3 |  4- 6 |  7- 9 || total
-------------------------+-------+-------+-------++-------
Melee: Long sword        |    67 |    83 |       ||   150
       Headbutt          |     9 |    23 |    14 ||    46
       Demon blade       |       |    35 |   100 ||   135
Invok: Heroism           |       |     1 |       ||     1
  Use: Scroll            |       |     4 |     2 ||     6
Armor: Scale mail        |    30 |    78 |    36 ||   144
Dodge: Dodged            |    37 |    59 |    43 ||   139
Block: Buckler           |    16 |    31 |    23 ||    70
